 Dungeon Crawl Stone Soup version 0.20-a0-540-ge6d1839 (webtiles) character file.

17 tsouns the Grasshopper (level 2, -7/23 HPs)
             Began as a Demonspawn Warper on Jan 29, 2017.
             Mangled by a gnoll
             ... wielding a +0 whip of flaming
              (9 damage)
             ... on level 1 of the Dungeon.
             The game lasted 00:01:23 (631 turns).

tsouns the Grasshopper (Demonspawn Warper)           Turns: 631, Time: 00:01:24

Health: -7/23      AC:  3    Str:  9 (11) XL:     2   Next: 44%
Magic:  0/5        EV: 11    Int: 12 (14) God:
Gold:   44         SH:  0    Dex: 11 (12) Spells: 5/5 levels left

rFire    + . .     SeeInvis .   a - +0 spear
rCold    + . .     Gourm    .   b - +0 leather armour
rNeg     . . .     Faith    .   (no shield)
rPois    +         Spirit   +   (no helmet)
rElec    +         Reflect  .   (no cloak)
rCorr    +         Harm     .   (no gloves)
MR       .....                  (no boots)
Stlth    +.........             (no amulet)
Regen    0.1/turn               (no ring)
                                (no ring)

@: resistant
A: magic shield
a: no special abilities


You were on level 1 of the Dungeon.
You were not hungry.

You visited 1 branch of the dungeon, and saw 1 of its levels.

You collected 44 gold pieces.

Inventory:

Hand Weapons
 a - a +0 spear (weapon)
Missiles
 e - 5 tomahawks of dispersal (quivered)
Armour
 b - a +0 leather armour (worn)
Scrolls
 d - a scroll of blinking
 g - a scroll of identify {unknown}
 h - a scroll of teleportation {unknown}
Books
 c - a book of Spatial Translocations

   Spells                             Type                      Level
   a - Blink                          Translocation                2
   b - Shroud of Golubria             Charms/Translocation         2
   c - Lesser Beckoning               Translocation                3
   d - Portal Projectile              Translocation                3
   e - Teleport Other                 Translocation                3
   f - Passage of Golubria            Translocation                4
Comestibles
 f - a bread ration
 i - 2 meat rations
 k - 3 chunks of flesh


   Skills:
 + Level 2.4 Fighting
 * Level 2.4 Polearms
 - Level 0.8 Throwing
 - Level 0.8 Armour
 - Level 1.7 Dodging
 - Level 2.0 Spellcasting
   Level 2.6 Translocations


You had 5 spell levels left.
You didn't know any spells.

Dungeon Overview and Level Annotations

Branches:
Dungeon (1/15)

Altars:
Cheibriados


Innate Abilities, Weirdness & Mutations

When hurt, damage is shared between your health and your magic reserves.


Message History

The gnoll is lightly wounded.
The gnoll hits you with a whip of flaming.
The gnoll burns you.
A goblin comes into view. It is wielding a club.
The goblin barely misses you.
It was a potion of degeneration.
There was something very wrong with that liquid.
You feel weakened.
You feel dopey.
You feel clumsy. The gnoll barely misses you.
It was a potion of resistance.
You feel protected. The goblin barely misses you.
The gnoll hits you with a whip of flaming!
* * * LOW HITPOINT WARNING * * *
The gnoll burns you.
* * * LOW HITPOINT WARNING * * *
You hit the goblin but do no damage. The goblin hits you with a club.
* * * LOW HITPOINT WARNING * * *
The gnoll hits you with a whip of flaming!
You die...

..#######.#
#.#### #.#
..........#
#.##### #.#
#######...#
#.....# #.#
#...# #####.#
#.# #...########
#รท# #.#
#..........#
##.###.#
##.>######.#
##...##.#
#.....# #g#
##.....#.#
#...#.#
#@####........#
.......#.#
#.g...........#
.......##.#
######.......##
#####.###.#
##.....## #.#
#.# ##...## #.
#.###########.##
#.
#.......(.....#
###############


You could see a gnoll and a goblin.

Vanquished Creatures
  2 dart slugs (D:1)
  A leopard gecko (D:1)
  A goblin (D:1)
  A hobgoblin (D:1)
  3 jackals (D:1)
  A bat (D:1)
  3 rats (D:1)
12 creatures vanquished.

Notes
Turn   | Place    | Note
-------+----------+-------------------------------------------
     0 | D:1      | tsouns the Demonspawn Warper began the quest for the Orb.
     0 | D:1      | Reached XP level 1. HP: 16/16 MP: 3/3
   306 | D:1      | Gained mutation: When hurt, damage is shared between your health and your magic reserves. [demonic ancestry]
   306 | D:1      | Reached XP level 2. HP: 23/23 MP: 5/5
   325 | D:1      | Found a snail-covered altar of Cheibriados.
   631 | D:1      | Mangled by a gnoll

Vault maps used:
D:1:      minmay_arrival_five_plusses, cheibriados_altar_1

Skill      XL: |  1 |
---------------+----+-----
Polearms       | 2 |  2.4
Fighting       | |  2.4
Throwing       | |  0.8
Armour         | |  0.8
Dodging        | |  1.7
Spellcasting   | |  2.0
Translocations | |  2.6

Action                   || total
-------------------------++-------
Melee: Spear             ||    51
  Use: Potion            ||     2
Armor: Leather armour    ||    12
Dodge: Dodged            ||    16
